 Dungeon Crawl Stone Soup version 0.32-a0-928-g1cae6b7ea0 (webtiles) character file.

Game seed: 18332754460715291599

63796 packetloss the Severer (level 15, -7/119 HPs)
             Began as a Coglin Berserker on Apr 12, 2024.
             Was the Champion of Trog.
             Mangled by a catoblepas (12 damage)
             ... while petrified by a catoblepas
             ... on level 13 of the Dungeon on Apr 13, 2024.
             The game lasted 00:47:33 (19023 turns).

packetloss the Severer (Coglin Berserker)          Turns: 19023, Time: 00:47:34

Health: -7/119     AC: 14    Str: 24    XL:     15   Next: 10%
Magic:  15/15      EV:  2    Int:  7    God:    Trog [******]
Gold:   1163       SH:  0    Dex: 14    Spells: 14/14 levels left

rFire   + . .        K - +6 broad axe (flame) {Hrothgar}
rCold   . . .        J - +0 war axe (vamp) {Santos}
rNeg    + + +        a - +0 acid dragon scales
rPois   ∞            T - +1 helmet
rElec   +            p - +0 cloak
rCorr   +            L - +0 pair of gloves
SInv    .            (no boots)
Will    +....        (amulet unavailable)
Stlth   ++           (ring unavailable)
HPRegen 1.19/turn    (ring unavailable)
MPRegen 0.54/turn    S - automatic module {rElec rF+ Regen+ RegenMP+}

%: no passive effects
@: petrified
A: off-hand wielding, slow wielding, warmup strikes, no jewellery
a: Renounce Religion, Berserk, Trog's Hand, Brothers in Arms


You were on level 13 of the Dungeon.
You worshipped Trog.
Trog was exalted by your worship.
You visited 3 branches of the dungeon, and saw 20 of its levels.
You also visited: Sewer.

You collected 1163 gold pieces.

Inventory:

Hand Weapons
 l - the +7 trident "Ogreslayer" {spect, *Rage rF+ rC++ Int+3}
   (You found it on level 1 of the Lair of Beasts)

   Int+3:     It affects your intelligence (+3).
   rF+:       It protects you from fire.
   rC++:      It greatly protects you from cold.
   *Rage:     It berserks you when you make melee attacks (+20% chance).
 y - a +0 heavy war axe {Mishil}
 z - a +1 whip of electrocution
 J - a +0 vampiric war axe (offhand) {Santos}
 K - a +6 broad axe of flaming (weapon) {Hrothgar}
Missiles
 c - 13 boomerangs
 m - 5 throwing nets
 D - 3 curare-tipped darts (quivered)
 E - 38 poisoned darts
 O - 7 atropa-tipped darts
Armour
 a - +0 acid dragon scales (worn)
 p - a +0 cloak (worn)
 A - a +0 leather armour of fire resistance
 L - a +0 pair of gloves (worn)
 T - a +1 helmet (worn)
Gizmo
 S - an automatic module (installed) {rElec rF+ Regen+ RegenMP+}
   (You invented it yourself on level 12 of the Dungeon)

   [automatic module]

   rF+:       It protects you from fire.
   rElec:     It insulates you from electricity.
   Regen+:    It increases your rate of health regeneration.
   RegenMP+:  It increases your rate of magic regeneration.
Talismans
 r - a maw talisman
Wands
 b - a wand of mindburst (4)
 f - a wand of polymorph (5)
 B - a wand of warping (14)
 M - a wand of light (9)
 N - a wand of digging (7)
Scrolls
 g - 4 scrolls of torment
 h - 2 scrolls of vulnerability {unknown}
 j - a scroll of noise {unknown}
 k - 3 scrolls of fog
 n - a scroll of enchant armour {unknown}
 o - 5 scrolls of fear
 q - a scroll of summoning {unknown}
 t - 10 scrolls of teleportation
 u - 3 scrolls of blinking
 v - 2 scrolls of poison {unknown}
 H - 2 scrolls of brand weapon
 I - 3 scrolls of enchant weapon {unknown}
Potions
 d - 7 potions of curing
 i - 5 potions of enlightenment
 s - a potion of might {unknown}
 w - a potion of berserk rage {unknown}
 x - 5 potions of brilliance
 C - 2 potions of mutation {unknown}
 F - 3 potions of magic
 G - a potion of experience {unknown}
 P - a potion of haste
 Q - a potion of lignification {unknown}
 R - a potion of cancellation {unknown}
 U - a potion of resistance {unknown}


   Skills:
 + Level 11.5 Fighting
 * Level 15.7 Axes
 + Level 10.5 Armour
 + Level 10.2 Dodging
 - Level 3.8 Stealth
 - Level 11.9 Evocations


You had 14 spell levels left.
You didn't know any spells.
Your spell library was empty.

Dungeon Overview and Level Annotations

Branches:
Dungeon (13/15)            Temple (0/1) D:7            Lair (5/5) D:9
  Swamp (0/4) Lair:2       Spider (0/4) Lair:2        Slime (0/5) Lair:4
    Orc (2/2) D:12          Sewer (visited)
    Elf: Orc:2       Vaults: D:13-14

Altars:
Cheibriados
Dithmenos
Fedhas
Nemelex Xobeh
Ru

Shops:
D:7 [   D:9 :   Orc:2 (

Annotations:
D:5 Eustachio
D:7 exclusion: oklob sapling
Lair:3 exclusion: hydra
Lair:5 ! distortion weapons
Orc:2 Azrael, Donald


Innate Abilities, Weirdness & Mutations

You can wield a second weapon in your off-hand.
It takes a long time for you to wield or remove held weapons.
Your first few attacks do less damage.
You cannot equip rings or amulets.


Message History

The efreet hits you with a +3 scimitar of flaming!
* * * LOW HITPOINT WARNING * * *
The efreet burns you.
* * * LOW HITPOINT WARNING * * *
You are engulfed in calcifying dust.
The catoblepas gores you!
* * * LOW HITPOINT WARNING * * *
The efreet hits you with a +3 scimitar of flaming.
* * * LOW HITPOINT WARNING * * *
The efreet burns you.
You turn to flesh and can move again.
Unknown command.
You feel much better.
You are engulfed in calcifying dust.
You are slowing down.
The efreet closely misses you. The catoblepas gores you!!
* * * LOW HITPOINT WARNING * * *
Blink to where?
Press: ? - help, Dir - move target
Found a stone staircase leading up.
As you read the scroll of blinking, it crumbles to dust.
The catoblepas breathes a plume of calcifying dust at you.
The blast of calcifying dust hits you but does no damage.
Your limbs are stiffening.
Unknown command.
Unknown command.
You have turned to stone.
The catoblepas gores you!
* * * LOW HITPOINT WARNING * * *
The catoblepas breathes a plume of calcifying dust at you.
The blast of calcifying dust hits you but does no damage.
You are engulfed in calcifying dust.
The catoblepas breathes a plume of calcifying dust at you.
The blast of calcifying dust hits you but does no damage.
The efreet hits you but does no damage.
You are engulfed in calcifying dust.
The efreet stops moving altogether!
The catoblepas gores you!
* * * LOW HITPOINT WARNING * * *
You are engulfed in calcifying dust.
The catoblepas gores you!
* * * LOW HITPOINT WARNING * * *
You are engulfed in calcifying dust.
The catoblepas gores you!!
You die...

.###......# .# ###..###
.# #..##.. # ## .#
#..##... .###.
.#####...# .§###...#
........#.###.#....#
.#####.###...#..<..#
.......>#....#.§..#
#####..#.....#.R@## #
#..#....#.###Y# #
#..#...###☼.§#.....# #
#.#.###.#.R§.#....#..
#####.##...#..○..#...##
....#.#....#Y☼..#.###.#
###.##.....#...## ..#
#.##....#.###.# .#
#.##...###.....# #


You could see a catoblepas and an efreet (petrified).

Vanquished Creatures
  An orc warlord (Orc:1)
  Harold (Lair:2)
  A hydra (Lair:3)
  3 catoblepae
  2 boulder beetles (D:12)
  A centaur warrior (D:13)
  5 death yaks (Lair:5)
  A thrashing horror (Lair:5)
  An orc high priest (Orc:1)
  4 skysharks
  A skeletal warrior (D:11)
  A large abomination (Lair:5)
  Pikel (D:4)
  An orc sorcerer (Orc:2)
  2 deep elf pyromancers
  An orc knight (Orc:1)
  2 manticores
  A cyclops (D:12)
  29 elephants
  A kobold blastminer (Orc:1)
  6 black mambas
  3 gargoyles
  2 kobold demonologists
  An unseen horror (D:11)
  A torpor snail (Lair:4)
  17 cane toads
  7 komodo dragons
  An efreet (D:13)
  3 trolls
  2 tyrant leeches (Lair:2)
  13 blink frogs
  6 dream sheep (Lair:2)
  12 slime creatures
  2 shadows
  4 small abominations (Lair:5)
  6 wyverns
  45 yaks
  2 ynoxinuls (Lair:5)
  4 wraiths
  A basilisk (D:9)
  2 steam dragons
  A vampire (D:12)
  4 wargs
  8 vampire mosquitoes
  2 acid dragons (D:10)
  13 water moccasins
  2 hell hounds (Orc:1)
  13 orc warriors
  A black bear (D:8)
  3 ice beasts
  7 ogres
  11 wolves (Lair:2)
  9 centaurs
  5 kobold brigands
  A lemure (D:4)
  A phantom (D:5)
  7 bullfrogs
  5 scorpions
  A gnoll sergeant (D:7)
  4 wights (D:8)
  8 howler monkeys
  2 electric eels
  3 jellies
  A bombardier beetle (D:3)
  Ijyb (D:4)
  2 gnoll boudas
  11 orc priests
  Crazy Yiuf (D:2)
  A sleepcap (D:8)
  Terence (D:3)
  Natasha (twice) (D:2)
  3 iguanas
  14 orc wizards
  2 hell rats (Lair:2)
  Robin (D:2)
  23 gnolls
  6 adders
  12 river rats
  A shadow imp (D:6)
  A white imp (D:5)
  2 ribbon worms
  2 dart slugs (D:1)
  33 orcs
  8 endoplasms
  3 giant cockroaches
  13 goblins
  9 hobgoblins
  2 jackals (D:3)
  21 kobolds
  7 quokkas
  9 ball pythons
  7 bats
  2 frilled lizards
  5 rats
517 creatures vanquished.

Vanquished Creatures (collateral kills)
  Fannar (Orc:1)
  2 orc warriors (Orc:1)
  An orc wizard (Orc:1)
  5 orcs (Orc:1)
9 creatures vanquished.

Vanquished Creatures (others)
  2 orcs (Orc:1)
2 creatures vanquished.

Grand Total: 528 creatures vanquished

Notes
Turn   | Place    | Note
-------+----------+-------------------------------------------
     0 | D:1      | packetloss the Coglin Berserker began the quest for the
                  | Orb.
     0 | D:1      | Reached XP level 1. HP: 18/18 MP: 1/1
   148 | D:1      | Reached XP level 2. HP: 24/24 MP: 2/2
   165 | D:1      | Found a faded altar of an unknown god.
   226 | D:1      | Reached skill level 2 in Armour
   226 | D:1      | Reached skill level 2 in Dodging
  1139 | D:2      | Reached XP level 3. HP: 28/29 MP: 3/3
  1153 | D:2      | Noticed Robin
  1163 | D:2      | Killed Robin
  1399 | D:2      | Reached XP level 4. HP: 34/35 MP: 4/4
  1404 | D:2      | Noticed Natasha
  1409 | D:2      | Killed Natasha
  1410 | D:2      | Reached skill level 4 in Axes
  1432 | D:2      | Reached ** piety under Trog
  1829 | D:2      | Noticed Natasha
  1838 | D:2      | Killed Natasha
  1840 | D:2      | Reached XP level 5. HP: 41/41 MP: 5/5
  1886 | D:2      | Found a runed translucent door.
  1887 | D:2      | Noticed Crazy Yiuf
  1892 | D:2      | Killed Crazy Yiuf
  2397 | D:3      | Reached XP level 6. HP: 27/48 MP: 6/6
  2639 | D:3      | Noticed Terence
  2646 | D:3      | Killed Terence
  2647 | D:3      | Reached skill level 4 in Fighting
  2647 | D:3      | Reached skill level 3 in Armour
  2647 | D:3      | Reached skill level 3 in Dodging
  2692 | D:3      | Reached skill level 5 in Axes
  3404 | D:3      | Reached XP level 7. HP: 29/54 MP: 7/7
  3527 | D:4      | Noticed Pikel
  3534 | D:4      | Killed Pikel
  3535 | D:4      | Reached skill level 6 in Axes
  3535 | D:4      | Reached skill level 4 in Armour
  3535 | D:4      | Reached XP level 8. HP: 61/61 MP: 8/8
  3544 | D:4      | Reached skill level 4 in Dodging
  3545 | D:4      | Reached skill level 5 in Fighting
  3590 | D:4      | Noticed Ijyb
  3599 | D:4      | Killed Ijyb
  3634 | D:4      | Found a glowing drain.
  3652 | Sewer    | Entered a sewer
  3662 | Sewer    | Reached *** piety under Trog
  3816 | Sewer    | Reached skill level 1 in Evocations
  3818 | Sewer    | Reached skill level 7 in Axes
  4266 | D:4      | Reached skill level 2 in Evocations
  4656 | D:5      | Entered Level 5 of the Dungeon
  4727 | D:5      | Reached XP level 9. HP: 69/69 MP: 9/9
  4731 | D:5      | Reached skill level 3 in Evocations
  4791 | D:5      | Found a sacrificial altar of Ru.
  4837 | D:5      | Reached skill level 5 in Armour
  4848 | D:5      | Noticed Eustachio
  5006 | D:5      | Reached **** piety under Trog
  5007 | D:5      | Reached skill level 8 in Axes
  5140 | D:5      | Reached skill level 6 in Fighting
  5140 | D:5      | Reached skill level 5 in Dodging
  5429 | D:5      | Reached skill level 4 in Evocations
  5867 | D:6      | Found a shadowy altar of Dithmenos.
  6361 | D:7      | Found Qihuor's Antique Armour Shop.
  6489 | D:7      | Reached skill level 1 in Stealth
  6730 | D:7      | Found a staircase to the Ecumenical Temple.
  7194 | D:8      | Reached ***** piety under Trog
  7290 | D:8      | Reached skill level 9 in Axes
  7290 | D:8      | Reached skill level 5 in Evocations
  7290 | D:8      | Reached XP level 10. HP: 77/77 MP: 10/10
  7335 | D:8      | Reached skill level 2 in Stealth
  7648 | D:8      | Found a sparkling altar of Nemelex Xobeh.
  7648 | D:8      | Found a blossoming altar of Fedhas.
  8233 | D:9      | Reached skill level 6 in Armour
  8248 | D:9      | Reached skill level 7 in Fighting
  8251 | D:9      | Reached skill level 6 in Evocations
  8256 | D:9      | Reached skill level 6 in Dodging
  8401 | D:9      | Found a staircase to the Lair.
  8820 | D:9      | Reached skill level 3 in Stealth
  8849 | D:9      | Found Puur's Book Boutique.
  9201 | Lair:1   | Entered Level 1 of the Lair of Beasts
  9204 | Lair:1   | Noticed an elephant
  9205 | Lair:1   | Reached skill level 10 in Axes
  9206 | Lair:1   | Noticed an elephant
  9206 | Lair:1   | Noticed an elephant
  9211 | D:9      | Reached XP level 11. HP: 84/84 MP: 11/11
  9249 | D:10     | Entered Level 10 of the Dungeon
  9652 | D:10     | Reached skill level 7 in Evocations
  9740 | D:10     | Found a snail-covered altar of Cheibriados.
  9972 | D:11     | HP: 21/85 [vampire mosquito (1)]
 10563 | D:11     | Noticed a skeletal warrior
 10593 | D:12     | Noticed a boulder beetle
 10604 | D:11     | Reached skill level 7 in Armour
 10629 | D:12     | Reached skill level 8 in Fighting
 10684 | D:11     | Killed a skeletal warrior
 10685 | D:11     | Reached skill level 11 in Axes
 10685 | D:11     | Noticed a skeletal warrior
 10686 | D:11     | Noticed a skeletal warrior
 10689 | D:11     | Noticed a boulder beetle
 10692 | D:11     | HP: 16/86 [skeletal warrior/+0 long sword (12)]
 10697 | D:11     | Noticed a skeletal warrior
 10698 | D:11     | HP: 21/86 [wraith (8)]
 10699 | D:11     | HP: 6/86 [skeletal warrior/+0 scimitar (8)]
 10712 | D:11     | HP: 21/86 [wraith (8)]
 10932 | Lair:1   | Reached skill level 7 in Dodging
 10933 | Lair:1   | Reached skill level 8 in Evocations
 10938 | Lair:1   | Reached XP level 12. HP: 94/94 MP: 12/12
 11114 | Lair:1   | Received a gift from Trog
 11207 | Lair:1   | Identified the +7 trident "Ogreslayer" {spect, *Rage rF+
                  | rC++ Int+3}
 11430 | Lair:1   | Reached skill level 12 in Axes
 11536 | Lair:2   | Reached skill level 9 in Evocations
 11661 | Lair:2   | Noticed Harold
 11665 | Lair:2   | Reached skill level 9 in Fighting
 11665 | Lair:2   | Reached skill level 8 in Armour
 11666 | Lair:2   | Killed Harold
 11719 | Lair:2   | Found a hole to the Spider Nest.
 11900 | Lair:2   | Reached skill level 8 in Dodging
 11969 | Lair:2   | Noticed a skyshark
 11980 | Lair:2   | Killed a skyshark
 12176 | Lair:2   | Found a staircase to the Swamp.
 12190 | Lair:2   | Reached XP level 13. HP: 101/101 MP: 13/13
 12322 | Lair:2   | Reached skill level 10 in Evocations
 12679 | Lair:3   | Reached skill level 13 in Axes
 13772 | Lair:4   | Reached skill level 10 in Fighting
 13846 | Lair:4   | Reached skill level 9 in Armour
 13931 | Lair:4   | Identified the +0 robe of Hepliaklqana, Howling {-Tele
                  | Str+5 Int+5}
 14391 | Lair:4   | Found a staircase to the Slime Pits.
 14506 | Lair:4   | Received a gift from Trog
 14510 | Lair:4   | Reached skill level 11 in Evocations
 14855 | Lair:4   | HP: 25/103 [poisoned by a cane toad]
 14859 | Lair:4   | Reached skill level 14 in Axes
 15408 | Lair:5   | Entered Level 5 of the Lair of Beasts
 15423 | Lair:5   | Reached skill level 9 in Dodging
 15557 | Lair:5   | Reached XP level 14. HP: 58/111 MP: 14/14
 16399 | Lair:5   | Reached skill level 11 in Fighting
 16734 | D:11     | Reached skill level 10 in Armour
 16759 | D:12     | Reached skill level 15 in Axes
 16937 | D:12     | Found a staircase to the Orcish Mines.
 16968 | Orc:1    | Entered Level 1 of the Orcish Mines
 16983 | Orc:1    | Noticed Fannar
 16984 | Orc:1    | Noticed an orc warlord
 17010 | Orc:1    | Killed an orc warlord
 17026 | Orc:1    | Killed Fannar
 17459 | Orc:2    | Entered Level 2 of the Orcish Mines
 17459 | Orc:2    | Found Vopt's Antique Weapon Shop.
 17461 | Orc:2    | Noticed Azrael
 17462 | Orc:2    | Noticed Donald
 17978 | Orc:2    | Received a gift from Trog
 17989 | Orc:1    | HP: 27/113 [orc warrior/+0 short sword (17)]
 17991 | Orc:1    | Reached skill level 10 in Dodging
 18204 | Orc:2    | Noticed an orc warlord
 18284 | D:12     | Acquired an automatic module {rElec rF+ Regen+ RegenMP+}
 18397 | D:12     | Reached XP level 15. HP: 88/119 MP: 15/15
 18528 | D:12     | Reached ****** piety under Trog
 19007 | D:13     | HP: 22/119 [catoblepas (10)]
 19011 | D:13     | HP: 7/119 [catoblepas (6)]
 19018 | D:13     | HP: 12/119 [catoblepas (3)]
 19022 | D:13     | HP: 3/119 [catoblepas (8)]
 19023 | D:13     | Mangled by a catoblepas

Illustrated notes

Levels and vault maps discovered:
D:1:      wander_arrival_chamber, layout_basic,
          hellmonk_ecumenical_altar_blasted, minmay_tripent
D:2:      layout_loops_ring, hangedman_abyss_or_decor_lesser_grid,
          minmay_diced_spiral, uniq_natasha, uniq_crazy_yiuf_cottage, uniq_robin
D:3:      layout_basic, uniq_terence
D:4:      layout_loops_ring, cheibrodos_sewer_entry_sluice, uniq_ijyb,
          uniq_pikel
D:5:      layout_basic, kennysheep_little_box, kennysheep_generic_room_16,
          uniq_eustachio
D:6:      layout_loops_ring, mainiacjoe_overflow_catwalk
D:7:      layout_basic, minmay_temple_entry_oklob, serial_shops, shop,
          interstate_on_off
D:8:      layout_loops_cross, gammafunk_temple_overflow_wave
D:9:      layout_loops_corners, minmay_lair_entry_grove, serial_shops,
          nicolae_book_shop_shelving, minmay_misc_feat_alley
D:10:     layout_roguey, mainiacjoe_overflow_alcove_1
D:11:     layout_basic
D:12:     layout_big_octagon, serial_rivers, chequers_serial_rivers_small_a,
          chequers_serial_rivers_micro_d, chequers_serial_rivers_large_a,
          chequers_serial_rivers_small_3, chequers_serial_rivers_small_b,
          chequers_serial_rivers_micro_a, gauntlet_entry_generic
D:13:     nicolae_BIG_FREAKIN_CUBE, layout_loops_ring
Lair:1:   layout_big_grid
Lair:2:   layout_roguey, minmay_swamp_entry_worms, dummy_spider_entry,
          kennysheep_rathole, uniq_harold
Lair:3:   layout_long_grid
Lair:4:   layout_cave_pods, slime_entry_1, serial_bayou_pond_c, st_stairs_7,
          grunt_megastairs_1, infiniplex_staircase_pool
Lair:5:   hellmonk_lair_end_abyssal_woods, layout_regular_city
Orc:1:    layout_diamond_mine, uniq_fannar
Orc:2:    grunt_orc_gardens, layout_diamond_mine, grunt_orc_garden,
          grunt_orc_garden, grunt_orc_garden, grunt_orc_garden, serial_shops,
          shop, gammafunk_ghost_wrathful_warriors, uniq_azrael, uniq_donald

Skill      XL: |  1  2  3  4  5  6  7  8  9 10 11 12 13 14 |
---------------+-------------------------------------------+-----
Armour         | 2 3 4 5 6 7 8 9 10 | 10.5
Dodging        | 2 3 4 5 6 7 8 9 10 | 10.2
Axes           | 4 5 6 7 9 10 11 12 14 15 | 15.7
Fighting       | 4 5 6 7 8 9 10 11 | 11.5
Evocations     | 2 5 6 8 9 11 | 11.9
Stealth        | 1 3 |  3.8

Action                     |  1- 3 |  4- 6 |  7- 9 | 10-12 | 13-15 || total
---------------------------+-------+-------+-------+-------+-------++-------
  Melee: Hand axe          |    68 |   144 |   174 |    17 |       ||   403
         Dagger            |    59 |    43 |       |       |       ||   102
         War axe           |       |     4 |   190 |   518 |   548 ||  1260
         Broad axe         |       |       |       |       |   284 ||   284
 Invoke: Berserk           |     1 |     5 |     3 |     7 |     6 ||    22
         Brothers in Arms  |       |       |       |     2 |     1 ||     3
         Trog's Hand       |       |       |       |     3 |     1 ||     4
Ability: Invent Gizmo      |       |       |       |       |     1 ||     1
  Evoke: Wand              |       |       |       |     1 |     9 ||    10
    Use: Scroll            |       |     4 |     3 |    11 |     3 ||    21
         Potion            |       |       |       |     4 |     1 ||     5
   Stab: Sleeping          |     1 |       |       |     2 |     3 ||     6
         Distracted        |       |       |       |       |     2 ||     2
         Petrified         |       |       |       |       |     9 ||     9
         Petrifying        |       |       |       |       |     1 ||     1
 Armour: Animal skin       |    33 |       |       |       |       ||    33
         Scale mail        |    16 |    72 |   149 |   111 |       ||   348
         Acid dragon scale |       |       |       |   220 |   436 ||   656
  Dodge: Dodged            |    35 |    35 |   113 |   217 |   351 ||   751

Table legend: (Time is in decaauts)
 A = Elapsed time spent in this place.
 B = Non-inter-level travel time spent in this place.
 C = Inter-level travel time spent in this place.
 D = Time resting spent in this place.
 E = Time spent auto-exploring this place.
 F = Levels seen in this place.
 G = Mean time per level.
                   A        B        C        D        E       F      G
               +--------+--------+--------+--------+--------+-----+--------+
         Total |  19499 |  18328 |   1171 |   4348 |   9849 |  21 |  928.5 |
       Dungeon |  11986 |  11229 |    757 |   2183 |   6583 |  13 |  922.0 |
          Lair |   5629 |   5396 |    233 |   1608 |   2662 |   5 | 1125.8 |
  Orcish Mines |   1314 |   1133 |    181 |    463 |    374 |   2 |  657.0 |
         Sewer |    569 |    569 |      0 |     93 |    229 |   1 |  569.0 |
               +--------+--------+--------+--------+--------+-----+--------+

Top non-repeatable levels by time:
  Lair:4: 2267 daAuts
     D:9: 1384 daAuts
     D:3: 1329 daAuts
  Lair:2: 1286 daAuts
   Orc:1: 1252 daAuts
     D:2: 1239 daAuts
     D:7: 1156 daAuts
     D:1: 1029 daAuts
    D:10: 928 daAuts
     D:5: 919 daAuts
  Lair:5: 912 daAuts
    D:11: 889 daAuts
    D:12: 808 daAuts
     D:8: 742 daAuts
     D:4: 720 daAuts
